[Event "FIDE WCCC G12 2018"]
[Site "Santiago de Compostela"]
[Date "2018.11.04"]
[Round "1"]
[White "Kairbekova, Amina"]
[Black "Mamardashvili, Ana"]
[Result "1-0"]
[ECO "C45"]
[WhiteElo "1939"]
[BlackElo "1527"]
[Annotator "NA"]
[PlyCount "87"]
[EventDate "2018.11.04"]
[EventType "swiss"]
[EventCountry "ESP"]
[SourceTitle "playchess.com"]
[Source "ChessBase"]
[SourceQuality "1"]
[TimeControl "40/5400+30:1800+30"]

1. e4 e5 2. Nf3 Nc6 3. d4 exd4 4. Nxd4 Nf6 5. Nxc6 bxc6 6. e5 Qe7 7. Qe2 Nd5 8. h4 d6 {[%emt 0:02:33] C45: Scotch Game} (8... Qe6 9. g3 Nb4 10. c4 Ba6 11. Bf4 d5 12. a3 Bxc4 13. Qd1 Bxf1 14. Kxf1 Na6 15. Nc3 Nc5 16. b4 {1-0 (32) Tomczak,J (2614)-Kramnik,V (2779) Batumi 2018}) 9. c4 Nb6 10. exd6 cxd6 {[%emt 0:01:55] LiveBook: 13 Games} 11. Be3 Rb8 $146 ({Predecessor:} 11... d5 12. Nd2 dxc4 13. g3 Be6 14. Bg2 Qc7 15. O-O Be7 16. Bxb6 axb6 17. Nxc4 {½-½ (26) Van Foreest,J (2638)-Gledura,B (2615) Brest 2018}) 12. Qc2 (12. g3 $11) 12... h5 13. Be2 Qe5 (13... g6 $14) 14. Nc3 Bf5 15. Qd2 Qe6 16. b3 Be7 17. Bf3 Rc8 18. Ne2 d5 {[%emt 0:10:33] [#]} (18... Bg4 $14) 19. Nd4 (19. Nf4 $1 $16 Qd7 20. Nxh5) 19... Qe5 {[%emt 0:01:30] [#]} (19... Qg6 $14) 20. O-O $1 Bd6 (20... Bf6 $142 21. Qa5 (21. Nxf5 Qxf5 22. Bxb6 axb6 $16) 21... O-O) 21. g3 O-O $2 (21... Be4 {is tougher.} 22. Bf4 Qf6) 22. Bf4 Qf6 23. Bxd6 Bh3 24. Bxf8 Bxf1 25. Rxf1 Kxf8 26. c5 Nd7 27. Bxh5 Re8 28. Bf3 Ne5 29. Bg2 Nd7 30. b4 a6 31. Qf4 Qxf4 32. gxf4 Rc8 33. Bh3 Rc7 34. Bxd7 Rxd7 35. Nxc6 Ke8 36. Re1+ Kf8 37. Nb8 Ra7 38. c6 Rc7 39. a4 Rc8 40. Nd7+ Kg8 41. b5 axb5 42. axb5 f6 43. b6 Rxc6 44. b7 1-0

[Event "FIDE WCCC G12 2018"]
[Site "Santiago de Compostela"]
[Date "2018.11.04"]
[Round "1"]
[White "Omonova, Umida"]
[Black "Schiopu, Oana-Magdalena"]
[Result "1-0"]
[ECO "B52"]
[WhiteElo "1854"]
[BlackElo "1526"]
[Annotator "NA RC"]
[PlyCount "103"]
[EventDate "2018.11.04"]
[EventType "swiss"]
[EventCountry "ESP"]
[SourceTitle "playchess.com"]
[Source "ChessBase"]
[SourceQuality "1"]
[TimeControl "40/5400+30:1800+30"]

1. e4 c5 2. Nf3 d6 3. Bb5+ Bd7 4. Bxd7+ Qxd7 5. O-O Nc6 6. Re1 g6 {[%emt 0:06:44] B52: Sicilian: Moscow Variation with 3...Bd7} (6... Nf6 7. c3 e6 8. d3 Be7 9. Bf4 O-O 10. Nbd2 b5 11. h3 Qb7 12. Nf1 Rfd8 13. Ng3 Rac8 14. Qe2 h6 15. d4 cxd4 16. cxd4 Nb4 {0-1 (54) Rapport,R (2709)-Oparin,G (2562) Moscow 2015}) 7. d3 Bg7 8. Nbd2 Nf6 9. a4 O-O 10. c3 Rac8 11. a5 $146 ({Predecessor:} 11. h3 Ne5 12. Qe2 Qc7 13. Nxe5 dxe5 14. Nc4 {½-½ (27) Norgaard,J (2435)-Delgado Ramirez,N (2554) Yucatan 2004}) 11... Ng4 12. Qe2 Rfe8 13. h3 Nf6 14. Nf1 Qc7 15. Bf4 Nd7 16. Ne3 Nxa5 17. Nd5 Qd8 18. Bg5 Nc6 19. Rad1 Nb6 20. Nh2 f6 21. Bh4 e6 22. Ne3 Qd7 23. f4 d5 24. Neg4 f5 25. Nf6+ Bxf6 26. Bxf6 Qf7 {White should try} 27. e5 $11 Nd7 28. Bh4 Nb6 (28... b5 $17) 29. Nf3 h6 30. Qf2 Nd7 31. Kh2 (31. Bf6 $5) 31... Kh8 32. Rg1 Rg8 33. Qe3 Rcf8 34. Rdf1 Re8 35. g4 Ne7 (35... Ref8 $17) 36. Bxe7 Rxe7 37. gxf5 exf5 38. Rg2 Re6 39. Rfg1 Kh7 40. h4 Nf6 (40... b6 $11) 41. Qxc5 b6 42. Qd4 Ng4+ 43. Kg3 Qd7 44. Nh2 $16 g5 45. hxg5 hxg5 46. Nxg4 gxf4+ 47. Kf2 fxg4 48. Rh1+ Kg7 49. Rxg4+ Kf8 50. Qxf4+ Qf7 51. Rxg8+ Kxg8 52. Rh8+ 1-0

[Event "FIDE WCCC G12 2018"]
[Site "Santiago de Compostela"]
[Date "2018.11.04"]
[Round "1"]
[White "Karmanova, Olga Dm."]
[Black "Bridgeman, Niamh"]
[Result "1-0"]
[ECO "A04"]
[WhiteElo "1819"]
[BlackElo "1516"]
[Annotator "NA"]
[PlyCount "61"]
[EventDate "2018.11.04"]
[EventType "swiss"]
[EventCountry "ESP"]
[SourceTitle "playchess.com"]
[Source "ChessBase"]
[SourceQuality "1"]
[TimeControl "40/5400+30:1800+30"]

1. Nf3 f5 2. d3 Nc6 3. e4 e5 4. exf5 {[%emt 0:01:39] C40: Latvian and Elephant Gambits} (4. d4 fxe4 5. Nxe5 d6 6. Nxc6 bxc6 7. d5 Nf6 8. Nc3 Be7 9. dxc6 O-O 10. Bc4+ Kh8 11. O-O Qe8 {½-½ (47) Almasi,Z (2702)-Williams,S (2457) Douglas 2018}) 4... d6 5. d4 Bxf5 6. Bb5 e4 7. Bg5 $146 ({Predecessor:} 7. d5 exf3 8. dxc6 Qe7+ 9. Be3 b6 10. gxf3 {½-½ (44) Fominykh,M (2282)-Kharmunova,N (2196) Moscow 2013}) 7... Be7 8. Nh4 Bxg5 9. Nxf5 Qf6 10. Qg4 d5 ({Reject} 10... Nge7 $6 11. Nxe7 h5 12. Qxe4 $16 (12. Bxc6+ bxc6 13. Qxe4 Qxe7 $16)) (10... g6 $1 $11 11. Ne3 (11. Qxe4+ Kf8 $11) 11... Qxd4 12. Qxg5 Qxb2) 11. Ne3 (11. h4 $14 {stays ahead.} Bh6 12. Nc3) 11... h5 (11... Nh6 $5 12. Qg3 Bxe3 13. fxe3 Nf5 $17) 12. Qg3 Bf4 13. Nxd5 Bxg3 14. Nxf6+ Nxf6 15. hxg3 O-O 16. Bxc6 bxc6 17. Nd2 g6 18. c3 Ng4 19. Nxe4 Rae8 20. f3 Ne3 (20... Nf6 $16 {ist eine bessere Verteidigung.}) 21. Ke2 Nf5 22. Kd3 Kg7 23. Rae1 Re7 24. g4 hxg4 25. fxg4 Nh6 (25... Rfe8 $142 26. gxf5 gxf5) 26. g5 Ng4 27. Nf6 Nf2+ 28. Kd2 Nxh1 $18 29. Rxe7+ Rf7 30. Re3 Kf8 31. Re8+ {[%emt 0:00:12] Kg8} 1-0

[Event "FIDE WCCC G12 2018"]
[Site "Santiago de Compostela"]
[Date "2018.11.04"]
[Round "1"]
[White "Starosta, Martyna"]
[Black "Juarez Garcia, Daniela"]
[Result "1-0"]
[ECO "C78"]
[WhiteElo "1790"]
[BlackElo "1511"]
[Annotator "NA RC"]
[PlyCount "157"]
[EventDate "2018.11.04"]
[EventType "swiss"]
[EventCountry "ESP"]
[SourceTitle "playchess.com"]
[Source "ChessBase"]
[SourceQuality "1"]
[TimeControl "40/5400+30:1800+30"]

1. e4 e5 2. Nf3 Nc6 3. Bb5 a6 4. Ba4 Nf6 5. O-O b5 6. Bb3 d6 7. a4 Rb8 8. h3 Be7 9. c3 O-O 10. Re1 Bb7 11. d3 h6 12. Nbd2 Re8 13. Nf1 Bf8 14. Ng3 Bc8 15. Nh4 Na5 16. Bc2 Nb7 17. Nhf5 Bxf5 18. Nxf5 Kh7 19. d4 g6 20. Ng3 c5 21. Be3 Qc7 22. h4 Qc8 23. Bd3 exd4 24. cxd4 c4 25. Bc2 Qg4 26. Qxg4 Nxg4 27. Bf4 h5 28. f3 Nh6 29. e5 d5 30. Nxh5 Ng8 31. Kf2 Rbc8 32. Bg5 b4 33. Nf4 b3 34. e6 bxc2 35. exf7 Rxe1 36. fxg8=Q+ Kxg8 37. Rxe1 c3 38. bxc3 Rxc3 39. Nxd5 Rc4 40. Ke2 Ba3 41. Bc1 Bxc1 42. Rxc1 Nd6 43. Ne3 Rxd4 44. Rxc2 Rxa4 45. Rc6 Nb5 46. Rxg6+ Kf7 47. Rg4 Ra2+ 48. Kd3 Ra3+ 49. Ke4 Nd6+ 50. Kd5 Ne8 51. Kd4 Nf6 52. Rf4 Ra4+ 53. Ke5 Ra5+ 54. Kd6 Kg6 55. Ke6 Ne8 56. Rg4+ Kh7 57. Rg5 Ra3 58. Nf5 Rd3 59. Kf7 Nd6+ 60. Nxd6 Rxd6 61. Rh5+ Rh6 62. Rxh6+ Kxh6 63. Ke6 a5 64. Kd5 Kh5 65. g3 a4 66. Kc4 a3 67. Kb3 Kg6 68. g4 Kf6 69. Kxa3 Ke5 70. h5 Kf6 71. Kb4 Kg5 72. f4+ Kh6 73. Kc5 Kg7 74. Kd5 Kf6 75. h6 Kg6 76. g5 Kh7 77. Ke6 Kg6 78. f5+ Kh7 79. f6 1-0

[Event "FIDE WCCC G12 2018"]
[Site "Santiago de Compostela"]
[Date "2018.11.04"]
[Round "1"]
[White "Munkhzul, Davaakhuu"]
[Black "Wisniowski, Natalie"]
[Result "1-0"]
[ECO "B11"]
[WhiteElo "1781"]
[BlackElo "1504"]
[Annotator "NA RC"]
[PlyCount "145"]
[EventDate "2018.11.04"]
[EventType "swiss"]
[EventCountry "ESP"]
[SourceTitle "playchess.com"]
[Source "ChessBase"]
[SourceQuality "1"]
[TimeControl "40/5400+30:1800+30"]

1. e4 c6 2. Nc3 d5 3. Nf3 Bg4 4. h3 Bxf3 5. Qxf3 e6 6. d3 Nf6 7. Be2 Bd6 8. Bf4 Bxf4 9. Qxf4 O-O 10. O-O Nbd7 11. Qg3 d4 12. Nb1 c5 13. Nd2 b5 14. f4 Qc7 15. Qg5 h6 16. Qh4 Qd8 17. Rf3 Ne8 18. Qf2 Nd6 19. Rg3 Rc8 20. Nf3 Nb6 21. Ne5 Nb7 22. Rf1 Na4 23. f5 exf5 24. Qxf5 Nd6 25. Qf4 Kh7 26. Bg4 Rc7 27. Bf5+ Nxf5 28. Qxf5+ Kg8 29. Rf4 c4 30. Ng4 Kh8 31. Qxb5 Nb6 32. Qh5 Qg5 33. Qxg5 hxg5 34. Rf5 f6 35. h4 gxh4 36. Rh5+ Kg8 37. Nh6+ Kh7 38. Nf5+ Kg8 39. Rxh4 g5 40. Rh6 Rh7 41. Rxh7 Kxh7 42. Rh3+ Kg8 43. Ne7+ Kg7 44. Nf5+ Kg8 45. Nxd4 cxd3 46. Rxd3 Rc8 47. b3 Re8 48. Nc6 Rxe4 49. Nxa7 Re5 50. Nc8 Nd5 51. Rxd5 Re2 52. Rc5 Kf7 53. Rc7+ Kg6 54. a4 Kf5 55. a5 Re1+ 56. Kf2 Ra1 57. b4 Ra4 58. b5 Rxa5 59. b6 Ra2 60. b7 Rb2 61. Nd6+ Ke6 62. Rc8 Kxd6 63. b8=Q+ Rxb8 64. Rxb8 Ke5 65. Rd8 Ke6 66. c4 Ke7 67. Rd3 Ke6 68. c5 f5 69. c6 g4 70. c7 g3+ 71. Kxg3 f4+ 72. Kxf4 Ke7 73. c8=Q 1-0

[Event "FIDE WCCC G12 2018"]
[Site "Santiago de Compostela"]
[Date "2018.11.04"]
[Round "1"]
[White "Ivanova, Dilyana"]
[Black "Berezovsky, Fiorina"]
[Result "0-1"]
[ECO "B42"]
[WhiteElo "1775"]
[BlackElo "1492"]
[Annotator "NA RC"]
[PlyCount "116"]
[EventDate "2018.11.04"]
[EventType "swiss"]
[EventCountry "ESP"]
[SourceTitle "playchess.com"]
[Source "ChessBase"]
[SourceQuality "1"]
[TimeControl "40/5400+30:1800+30"]

1. e4 c5 2. Nf3 e6 3. d4 cxd4 4. Nxd4 a6 5. Bd3 Bc5 6. Nb3 Be7 7. O-O Nc6 8. Qe2 d6 9. c4 Nf6 10. Nc3 O-O 11. f4 Qc7 12. Kh1 b6 13. Bd2 Bb7 14. Rae1 Rfd8 15. Bb1 Nd7 16. Rf3 Bf6 17. Rh3 h6 18. Qg4 Kf8 19. Nc1 Na5 20. b3 Nc6 21. f5 Nde5 22. Qh5 Ke7 23. Nd3 Nxd3 24. Bxd3 Ne5 25. Bc2 Qc6 26. Bf4 b5 27. Qe2 bxc4 28. Bxe5 dxe5 29. bxc4 Rd4 30. Bb3 Rad8 31. Rd1 Bg5 32. Rhd3 Qc5 33. h3 Qb6 34. Na4 Qa7 35. c5 Bc6 36. Nb6 Bb5 37. Bc4 Bxc4 38. Nxc4 Qxc5 39. Rxd4 Rxd4 40. Rxd4 Qxd4 41. fxe6 fxe6 42. a3 Bf4 43. g4 Qc3 44. Qf1 g5 45. a4 Qc2 46. Qg1 Qxc4 47. Qa7+ Kf6 48. Qf2 Qxe4+ 49. Kg1 Qe3 50. Qxe3 Bxe3+ 51. Kg2 e4 52. Kf1 Ke5 53. Ke2 Kf4 54. a5 Bc5 55. Kf1 Kf3 56. Ke1 e3 57. Kf1 e2+ 58. Ke1 Bb4# 0-1

[Event "FIDE WCCC G12 2018"]
[Site "Santiago de Compostela"]
[Date "2018.11.04"]
[Round "1"]
[White "Sheikh, Anum"]
[Black "Badalyan, Seda"]
[Result "1-0"]
[ECO "C45"]
[WhiteElo "1770"]
[BlackElo "1466"]
[Annotator "NA RC"]
[PlyCount "117"]
[EventDate "2018.11.04"]
[EventType "swiss"]
[EventCountry "ESP"]
[SourceTitle "playchess.com"]
[Source "ChessBase"]
[SourceQuality "1"]
[TimeControl "40/5400+30:1800+30"]

1. e4 e5 2. Nf3 Nc6 3. d4 exd4 4. Nxd4 Bc5 5. Nb3 Bb6 6. Qe2 d6 7. Nc3 a5 8. Na4 Ba7 9. Be3 Bxe3 10. Qxe3 Nge7 11. Bb5 O-O 12. O-O-O Kh8 13. Kb1 f5 14. f3 fxe4 15. Qxe4 Bf5 16. Qe2 Ne5 17. Nd4 Bd7 18. Bxd7 Qxd7 19. Nc3 N7c6 20. Nd5 Nxd4 21. Rxd4 Rae8 22. Qd1 Nc6 23. Rf4 Rxf4 24. Nxf4 Qf7 25. Nd5 Re5 26. Nc3 d5 27. a3 Ne7 28. Qd4 Nc6 29. Qd2 Ne7 30. f4 Rf5 31. g3 Rf6 32. Re1 Re6 33. Nb5 c6 34. Nd4 Rxe1+ 35. Qxe1 b6 36. Qe5 c5 37. Ne6 Qg8 38. f5 Qf7 39. g4 d4 40. Nxg7 Nc6 41. Qd6 Qxg7 42. Qxc6 Qxg4 43. f6 Qg1+ 44. Ka2 Qg8+ 45. b3 Qg6 46. Kb2 Kg8 47. Qe6+ Kf8 48. Qxb6 d3 49. Qxc5+ Kf7 50. Qe7+ Kg8 51. Qd8+ Kf7 52. Qxd3 Qxf6+ 53. Qc3 Qf5 54. Qc4+ Kg6 55. Qd4 h5 56. Qd3 h4 57. b4 axb4 58. axb4 h3 59. b5 1-0

[Event "FIDE WCCC G12 2018"]
[Site "Santiago de Compostela"]
[Date "2018.11.04"]
[Round "1"]
[White "Wagner, Margarethe"]
[Black "Ter-Avetisjana, Agnesa Stepania"]
[Result "1-0"]
[ECO "C60"]
[WhiteElo "1766"]
[BlackElo "1439"]
[Annotator "NA RC"]
[PlyCount "87"]
[EventDate "2018.11.04"]
[EventType "swiss"]
[EventCountry "ESP"]
[SourceTitle "playchess.com"]
[Source "ChessBase"]
[SourceQuality "1"]
[TimeControl "40/5400+30:1800+30"]

1. e4 e5 2. Nf3 Nc6 3. Bb5 Nge7 4. d3 a6 5. Ba4 g6 6. c3 Bg7 7. Bg5 O-O 8. Nbd2 d6 9. h3 Be6 10. Qe2 b5 11. Bc2 Qd7 12. O-O f5 13. Bb3 Bxb3 14. Nxb3 f4 15. Bxe7 Qxe7 16. Qc2 h5 17. c4 Nb4 18. Qc3 c5 19. a3 Nc6 20. Na5 Nxa5 21. Qxa5 Qb7 22. Qc3 Rab8 23. Rfb1 Qe7 24. b4 g5 25. bxc5 dxc5 26. cxb5 axb5 27. Rxb5 Rxb5 28. Qc4+ Kh8 29. Qxb5 g4 30. hxg4 hxg4 31. Nd2 Qd6 32. Rc1 Rc8 33. a4 Bf8 34. a5 Rb8 35. Qc4 Qd4 36. Qxd4 cxd4 37. Nc4 Bg7 38. Nb6 Rb7 39. Rc6 Ra7 40. Nc4 Kh7 41. a6 Kg8 42. Nd6 Kf8 43. Nb5 Ra8 44. a7 1-0

[Event "FIDE WCCC G12 2018"]
[Site "Santiago de Compostela"]
[Date "2018.11.04"]
[Round "1"]
[White "Dakic, Marta"]
[Black "Suarez Gomez, Paula"]
[Result "1-0"]
[ECO "C00"]
[WhiteElo "1756"]
[BlackElo "1417"]
[Annotator "NA RC"]
[PlyCount "99"]
[EventDate "2018.11.04"]
[EventType "swiss"]
[EventCountry "ESP"]
[SourceTitle "playchess.com"]
[Source "ChessBase"]
[SourceQuality "1"]
[TimeControl "40/5400+30:1800+30"]

1. e4 e6 2. Qe2 Nc6 3. Nf3 Nf6 4. g3 d5 5. d3 Be7 6. Bg2 b6 7. a3 Ba6 8. Nbd2 h6 9. O-O g5 10. exd5 Nxd5 11. Nb3 Qd7 12. Ne5 Nxe5 13. Qxe5 Bf6 14. Qe2 O-O-O 15. a4 Bb7 16. a5 Bg7 17. axb6 axb6 18. d4 Kb8 19. c3 Qc8 20. Qb5 Qd7 21. Qc4 Qc6 22. Nd2 Qxc4 23. Nxc4 Rhe8 24. Re1 Nf6 25. Ne5 Bxg2 26. Kxg2 Kb7 27. Nxf7 Rd5 28. Ne5 Rb5 29. Ra2 Rd5 30. h3 Nh7 31. f4 Bf6 32. b4 Nf8 33. Rae2 Re7 34. Re4 Rd8 35. Ng4 Bg7 36. f5 Rf7 37. fxe6 Re7 38. h4 Rd6 39. hxg5 hxg5 40. Bxg5 Rexe6 41. Rxe6 Rxe6 42. Rxe6 Nxe6 43. Bf6 Bf8 44. d5 Ng7 45. Ne3 Nh5 46. Be5 Bh6 47. Kf3 Ng7 48. g4 Ne8 49. Nf5 Bf8 50. g5 1-0

[Event "FIDE WCCC G12 2018"]
[Site "Santiago de Compostela"]
[Date "2018.11.04"]
[Round "1"]
[White "Mihelic, Vesna"]
[Black "Velea, Stephanie"]
[Result "1-0"]
[ECO "B53"]
[WhiteElo "1741"]
[BlackElo "1412"]
[Annotator "NA RC"]
[PlyCount "115"]
[EventDate "2018.11.04"]
[EventType "swiss"]
[EventCountry "ESP"]
[SourceTitle "playchess.com"]
[Source "ChessBase"]
[SourceQuality "1"]
[TimeControl "40/5400+30:1800+30"]

1. e4 c5 2. Nf3 d6 3. d4 cxd4 4. Qxd4 a6 5. h3 Nc6 6. Qe3 g6 7. c4 Bg7 8. Be2 Nf6 9. Nc3 O-O 10. O-O Be6 11. Rb1 Nd7 12. Ng5 Rc8 13. b3 Nc5 14. Bb2 Bd7 15. Nd5 f6 16. Nf3 e6 17. Nc3 Qc7 18. Rfd1 Rfd8 19. Ba3 Ne5 20. Nxe5 dxe5 21. Rd2 b6 22. Rbd1 Bf8 23. Bb2 Bc6 24. Bg4 Kf7 25. Bf3 Rd7 26. g4 Rcd8 27. Bg2 Rxd2 28. Rxd2 Rxd2 29. Qxd2 Qd7 30. Qxd7+ Bxd7 31. Bc1 Bc6 32. Be3 Ke8 33. Kf1 Kd7 34. Ke2 Kc7 35. f3 Kb7 36. h4 Bd6 37. Bh6 Be7 38. Nd1 Nd7 39. Nf2 Bf8 40. Be3 Bc5 41. Bxc5 Nxc5 42. Nd3 Nd7 43. Nb4 h6 44. Kd3 g5 45. Nxc6 Kxc6 46. h5 Nb8 47. Bf1 Kd6 48. Kc3 Kc6 49. b4 Nd7 50. a4 Nb8 51. Bd3 a5 52. c5 axb4+ 53. Kxb4 bxc5+ 54. Kc3 Kb6 55. Bb5 Nc6 56. Bxc6 Kxc6 57. Kc4 Kb6 58. a5+ 1-0

[Event "FIDE WCCC G12 2018"]
[Site "Santiago de Compostela"]
[Date "2018.11.04"]
[Round "1"]
[White "Huseynova, Guluzar"]
[Black "Van Foreest, Machteld"]
[Result "1-0"]
[ECO "A46"]
[WhiteElo "1551"]
[BlackElo "2003"]
[Annotator "NA RC"]
[PlyCount "77"]
[EventDate "2018.11.04"]
[EventType "swiss"]
[EventCountry "ESP"]
[SourceTitle "playchess.com"]
[Source "ChessBase"]
[SourceQuality "1"]
[TimeControl "40/5400+30:1800+30"]

1. d4 Nf6 2. Nf3 e6 3. Bf4 b6 4. e3 Bb7 5. c3 Be7 6. Bd3 O-O 7. Nbd2 c5 8. Qc2 {[%emt 0:01:25] A47: 1 d4 Nf6 2 Nf3 b6: Torre, London and Colle Systems} (8. Qe2 Nc6 9. a3 Rc8 10. e4 d6 11. O-O Qc7 12. h3 e5 13. dxe5 Nxe5 14. Nxe5 dxe5 15. Bh2 Rcd8 {1-0 (29) Radjabov,T (2784)-Tomashevsky,E (2738) Moscow 2012}) 8... d5 9. Be5 Kh8 $146 {[%emt 0:06:15] [#]} ({Predecessor:} 9... Nbd7 10. Bg3 c4 11. Be2 b5 12. a3 a5 13. O-O a4 {0-1 (52) Wolf,F (1279)-Kyas,P (1822) Rotenburg 2008}) 10. O-O (10. Ng5 $1 $16 g6 11. Bf4) 10... Nc6 11. e4 cxd4 12. cxd4 Nb4 13. Qb3 Nxd3 14. Bxf6 dxe4 15. Bxe7 Qxe7 16. Ne5 (16. Ne1 {might work better.}) 16... Qg5 17. Qd1 Nxe5 18. dxe5 Qxe5 $2 (18... Rfd8 19. f4 exf3) 19. b3 e3 20. Nc4 exf2+ 21. Rxf2 Qc5 22. Qd6 Rad8 23. Qxc5 bxc5 24. Na5 Ba6 25. Rc1 Rd5 26. Rfc2 Rfd8 27. Nc6 Rd1+ 28. Kf2 (28. Rxd1 $17 Rxd1+ 29. Kf2) 28... Rxc1 29. Rxc1 Rd2+ 30. Kg1 c4 31. bxc4 Bb7 32. Rb1 g6 (32... Rd7 $142) 33. Rxb7 Rxa2 34. Nxa7 Rc2 35. Rc7 Kg8 36. c5 Kf8 37. c6 Ra2 38. Rb7 Ke8 39. c7 1-0

[Event "FIDE WCCC G12 2018"]
[Site "Santiago de Compostela"]
[Date "2018.11.04"]
[Round "1"]
[White "Kaldarova, Ayaulym"]
[Black "Nadzamova, Viktoria"]
[Result "1-0"]
[ECO "B42"]
[WhiteElo "1526"]
[BlackElo "1923"]
[Annotator "NA RC"]
[PlyCount "85"]
[EventDate "2018.11.04"]
[EventType "swiss"]
[EventCountry "ESP"]
[SourceTitle "playchess.com"]
[Source "ChessBase"]
[SourceQuality "1"]
[TimeControl "40/5400+30:1800+30"]

1. e4 c5 2. Nf3 e6 3. d4 cxd4 4. Nxd4 a6 5. Bd3 Bc5 6. Nb3 Be7 7. Qg4 Nf6 {[%emt 0:19:57] B42: Sizilianisch (Paulsen-Variante)} (7... g6 8. Qe2 d6 9. a4 Nc6 10. O-O Ne5 11. Kh1 Nf6 12. Nc3 Bd7 13. f4 Nxd3 14. cxd3 O-O 15. Be3 b5 16. a5 {1-0 (48) Aronian,L (2764)-Caruana,F (2816) Paris 2018}) 8. Qg3 {[%emt 0:05:59] LiveBook: 5 Partien} ({Günstiger ist} 8. Qxg7 $16 Rg8 9. Qh6 Rxg2 10. e5) 8... d6 9. O-O O-O 10. Bh6 Nh5 $146 ({Vorgänger:} 10... Ne8 11. Nc3 Bh4 12. Qg4 e5 13. Qh5 gxh6 14. g3 Bf6 15. f4 exf4 16. gxf4 Bxc3 17. bxc3 {0-1 (54) Sharafiev,A (2435)-Faizrakhmanov,R (2422) Kazan 2016}) 11. Qg4 Bf6 12. Qxh5 gxh6 13. Qxh6 Bxb2 14. e5 f5 15. exf6 $1 Rf7 16. N1d2 Bxa1 (16... Qxf6 $11 17. Qxf6 Bxf6) 17. Rxa1 Nd7 18. Ne4 Nf8 $2 (18... Qf8 $16 {was necessary.} 19. Qg5+ Kh8) 19. Ng5 Rxf6 20. Bxh7+ Nxh7 21. Qxh7+ Kf8 22. Qh8+ (22. Rd1 $142 Rf5 23. Qh6+ Ke7 24. Ne4) 22... Ke7 23. Qg7+ Ke8 24. Ne4 Rf8 $2 (24... Rf7 {is a better chance.} 25. Qg3 Kf8 26. Nxd6 Rg7 27. Qf3+ Kg8) 25. Qg6+ (25. Rd1 $142 d5 {[#]} 26. c4 $1 ) 25... Ke7 $2 (25... Kd7 26. Rd1 Kc7 27. Rxd6 Qe7) 26. h4 (26. Rd1 $142 d5 {[#]} 27. c4 $1 ) 26... b6 $2 (26... Kd7 27. Rd1 Kc7 28. Qg7+ (28. Nxd6 Rg8 $18) 28... Kb8 29. Rxd6 Rg8) 27. Nd4 Qc7 $2 (27... Qe8 28. Qg3 e5) 28. Qg7+ Rf7 29. Qg5+ Kf8 30. Qh6+ Ke7 31. Ng5 Qc3 32. Rd1 Rf8 33. Ngxe6 Rf7 34. Qg5+ Rf6 35. Qg7+ $2 (35. Nf5+ {mates} Kf7 36. Nd8+ Ke8 37. Qg8+ Rf8 38. Qg6+ Kxd8 39. Qxd6+ Ke8 40. Qe7#) 35... Rf7 36. Qg5+ Rf6 37. Qg7+ Rf7 38. Nf5+ Kxe6 39. Rxd6+ Kxf5 40. Qxc3 Bb7 41. g4+ Kxg4 42. Qg3+ Kf5 43. Qg6+ 1-0

[Event "FIDE WCCC G12 2018"]
[Site "Santiago de Compostela"]
[Date "2018.11.04"]
[Round "1"]
[White "Portero Bravo, Aitana"]
[Black "Vicze, Kata"]
[Result "0-1"]
[ECO "A08"]
[WhiteElo "1525"]
[BlackElo "1828"]
[Annotator "NA RC"]
[PlyCount "104"]
[EventDate "2018.11.04"]
[EventType "swiss"]
[EventCountry "ESP"]
[SourceTitle "playchess.com"]
[Source "ChessBase"]
[SourceQuality "1"]
[TimeControl "40/5400+30:1800+30"]

1. e4 c5 2. Nf3 Nc6 3. d3 Nf6 4. g3 e6 5. Bg2 d5 6. Nbd2 Be7 7. O-O O-O 8. Re1 {[%emt 0:00:33] LiveBook: 1150 Games} b5 9. e5 Nd7 10. Nf1 Bb7 11. h4 {[%emt 0:01:41] C00: French: Unusual White 2nd moves} Rc8 (11... Qc7 12. Bf4 Rfc8 13. Ne3 Qd8 14. Ng4 Bf8 15. Bg5 Qe8 16. c3 h6 17. Bf4 a5 18. Qd2 b4 19. c4 Ne7 20. h5 {1-0 (59) Kuzubov,Y (2699)-Grischuk,A (2772) Riadh 2017}) 12. Bf4 Qb6 13. Ng5 $146 ({Predecessor:} 13. N1h2 d4 14. Ng5 Nb4 15. a3 Bxg2 16. Kxg2 Nd5 17. Qh5 Bxg5 18. hxg5 Qc6 19. Re4 Rfd8 20. Ng4 c4 21. Rh1 Nf8 22. Nf6+ gxf6 23. gxf6 cxd3 24. cxd3 Ng6 25. Qh6 {1-0 (25) Garro Beraza,H (2075)-Pinedo Lerma,J (2162) Bergara 2010}) 13... Bxg5 14. hxg5 Nd4 15. Ne3 Rfd8 16. Qh5 Nf8 17. Kh2 Nf5 18. Ng4 (18. Nxf5 $11 {remains equal.} exf5 19. a4) 18... Ng6 19. Rh1 {[%emt 0:07:10] [#]} (19. Rad1 $15) 19... Kf8 ({Resist} 19... Nxf4 20. gxf4 c4 21. Kg1 $11) (19... c4 $1 $17 20. Kg1 Kf8) 20. Ne3 Ke7 21. Nxf5+ exf5 22. Rae1 c4 23. Rhf1 Rh8 24. Kg1 d4 25. Qe2 (25. Bxb7 $11 {keeps the balance.} Qxb7 26. e6) 25... Bxg2 26. Kxg2 h6 27. Bd2 h5 (27... Qc6+ $17 28. f3 hxg5 29. Bxg5+ Ke6 30. dxc4 Rh5 31. cxb5 Qxc2) 28. e6 (28. Bb4+ $11 Ke6 29. f4) 28... fxe6 29. Bb4+ Kf7 30. dxc4 $2 (30. f4) 30... h4 31. cxb5 Qb7+ 32. f3 Rce8 $2 (32... Qd7 33. Rh1 hxg3 34. Kxg3 Qc7+ 35. Kf2 Rh2+ 36. Rxh2 Qxh2+ 37. Kf1 Qh1+ 38. Kf2 Qh4+ 39. Kg1 Nf4) 33. Rh1 hxg3 34. Kxg3 Qc7+ 35. Kf2 Nf4 (35... Rh2+ $142 36. Rxh2 Qxh2+ 37. Kf1 Qh1+ 38. Kf2 Qh4+ 39. Kg1 d3 40. Qxd3 Qxb4) 36. Qd2 Nh3+ ({Better is} 36... e5 $19 37. c3 d3) 37. Kg2 $2 (37. Ke2 $1 $15) 37... Nf4+ $2 (37... Rh4 $19 38. Ba5 Qb7 39. Rxh3 Rxh3) 38. Kf2 Nd5 $2 39. Rxh8 $4 (39. g6+ $1 $14 {was the only good move.} Kg8 40. Rxh8+ Kxh8 41. Rh1+ Kg8 42. Qxd4 Qxc2+ 43. Bd2) 39... Rxh8 40. g6+ Kxg6 41. Rxe6+ Kf7 42. Bd6 {[%emt 0:20:53] [#]} Rh2+ $1 43. Bxh2 Qxh2+ 44. Ke1 Qxd2+ 45. Kxd2 Kxe6 46. c3 dxc3+ 47. bxc3 Nb6 (47... Kd6 $142 48. c4 Nb6) 48. Ke3 Ke5 49. f4+ Kd5 50. Kd3 Kc5 51. c4 Nxc4 52. Kc3 Na3 {[%emt 0:00:26] Kd4+} 0-1

[Event "FIDE WCCC G12 2018"]
[Site "Santiago de Compostela"]
[Date "2018.11.04"]
[Round "1"]
[White "Mahi Amit Doshi"]
[Black "Shuqja, Klean"]
[Result "0-1"]
[ECO "D96"]
[WhiteElo "1515"]
[BlackElo "1798"]
[Annotator "NA RC"]
[PlyCount "54"]
[EventDate "2018.11.04"]
[EventType "swiss"]
[EventCountry "ESP"]
[SourceTitle "playchess.com"]
[Source "ChessBase"]
[SourceQuality "1"]
[TimeControl "40/5400+30:1800+30"]

1. d4 Nf6 2. c4 g6 3. Nc3 d5 4. Nf3 Bg7 5. Qb3 c6 6. cxd5 Nxd5 7. Nxd5 cxd5 8. Bf4 Nc6 9. e3 O-O 10. Be2 Qa5+ 11. Qc3 Qxc3+ 12. bxc3 Bg4 13. h3 Bxf3 14. Bxf3 Rfd8 15. Rb1 Rd7 16. Rb5 e6 17. Ke2 a6 18. Rb6 Na5 19. e4 Nc4 20. Rb4 b5 21. Kd3 dxe4+ 22. Bxe4 Rc8 23. Rd1 e5 24. Be3 f5 25. Bf3 e4+ 26. Bxe4 fxe4+ 27. Kxe4 Nxe3 0-1